AoeStats
← 30Wololo

Hideout

508703401Analyzed
1v1 RM · 7d ago on Sep 23, 2026· 39m 49s· 2 players
Game mode
Random Map
Map size
Tiny (2 player)
Population
200
Speed
Normal
Resources
Standard
Victory
Conquest
Starting age
Dark Age
Ending age
Imperial Age
RankedLock teamsTeams togetherTeam positionsShared explorationLock speedFull tech treeHidden civsTurbo modeCheats
Victory
Defeat
🇭🇺 Danes · Hungary
987
+16
🇫🇷 Varangians · France
983
-16
Optimal
8:02 Loom
10:14 Feudal Age
12:05 Double-Bit Axe
16:41 Castle Age
15:47 Scale Mail Armor
15:59 Forging
16:17 Horse Collar
19:37 Bow Saw
23:01 Wheelbarrow
25:28 Iron Casting
25:33 Scale Mail Armor
26:01 Town Watch
27:16 Chain Mail Armor
30:11 Arson
30:23 Gambesons
30:43 Squires
31:49 Gold Mining
33:03 Scale Barding Armor
34:20 Bloodlines
34:12 Husbandry
36:12 Chain Barding Armor
38:21 Vendel Legacy
39:30 Fletching
30Wololo
5:41 Loom
11:00 Feudal Age
16:22 Castle Age
14:10 Double-Bit Axe
14:23 Horse Collar
15:54 Town Watch
17:50 Bow Saw
19:23 Wheelbarrow
18:54 Gold Mining
19:06 Arson
21:08 Heavy Plow
21:21 Gambesons
24:20 Hamask
25:59 Scale Mail Armor
27:44 Squires
28:05 Chain Mail Armor
31:53 Imperial Age
30:30 Gold Shaft Mining
31:40 Hand Cart
33:01 Conscription
34:08 Plate Mail Armor
33:51 Forging
34:48 Elite Jomsviking
37:52 Town Patrol
37:23 Elite Varangian Guard
39:35 Iron Casting
Connection lost

Rejoining the realm…

Still unreachable

The connection could not be restored.

Session expired

The server has moved on; the page needs a fresh start.